 Dungeon Crawl Stone Soup version 0.20-a0-555-gf6ae02d (webtiles) character file.

21919 M4edhros the Unseen (level 12, -1/78 HPs)
             Began as an Octopode Artificer on Feb 8, 2017.
             Was an Elder of Fedhas.
             Slain by Rupert
             ... wielding a +2 great mace of protection
              (39 damage)
             ... on level 13 of the Dungeon.
             The game lasted 00:37:24 (15675 turns).

M4edhros the Unseen (Octopode Artificer)           Turns: 15675, Time: 00:37:25

Health: -1/78      AC:  1    Str: 13    XL:     12   Next: 95%
Magic:  14/18      EV: 23    Int: 15    God:    Fedhas [****..]
Gold:   892        SH: 18    Dex: 25    Spells: 11/11 levels left

rFire    + . .     SeeInvis +   U - +2 dagger (speed)
rCold    + . .     Gourm    .   h - +2 large shield
rNeg     . . .     Faith    .   (helmet restricted)
rPois    +         Spirit   .   J - amulet "Waeschis" {Harm *Drain rF+ Int+4}
rElec    +         Reflect  .   j - ring of poison resistance
rCorr    .         Harm     +   (no ring)
MR       +....     Clarity  +   N - ring of protection from cold
Stlth    +++++++++.             E - ring of stealth
Regen    0.3/turn               R - ring of protection from magic
                                f - +3 ring of evasion
                                (no ring)
                                (no ring)

@: agile, about to teleport
A: almost no armour, stealthy swim, amphibious, 8 rings, constrict 8, tentacle
spike 2, camouflage 1, see invisible, agile 1, clarity, dopey 1, electricity
resistance, strong 1, wild magic 1, gelatinous body 1
a: Fungal Bloom, Evolution, Sunlight, Growth, Reproduction, Renounce Religion


You were on level 13 of the Dungeon.
You worshipped Fedhas.
Fedhas was greatly pleased with you.
You were hungry.

You visited 2 branches of the dungeon, and saw 14 of its levels.
You also visited: Labyrinth.

You collected 892 gold pieces.

Inventory:

Hand Weapons
 x - a +2 short sword of venom
 A - a +0 blowgun
 G - a +0 hunting sling
 U - a +2 dagger of speed (weapon)
Missiles
 e - 600 stones (quivered)
 g - 137 sling bullets
 I - 60 poisoned needles
 V - 3 curare-tipped needles
Armour
 h - a +2 large shield (worn)
Jewellery
 f - a +3 ring of evasion (on tentacle)
 j - a ring of poison resistance (left tentacle)
 t - an uncursed amulet of rage
 B - an uncursed ring of fire
 C - an uncursed amulet of faith
 E - a ring of stealth (on tentacle)
 J - the amulet "Waeschis" (around mantle) {Harm *Drain rF+ Int+4}
   (You found it in a labyrinth)

   [amulet of harm]

   It increases damage dealt and taken.
   It affects your intelligence (+4).
   It protects you from fire.
   It causes draining when unequipped.
 N - a ring of protection from cold (on tentacle)
 R - a ring of protection from magic (on tentacle)
Wands
 c - a wand of enslavement (0/24)
 k - a wand of iceblast (9/15)
 p - a wand of lightning (0/15)
 q - a wand of paralysis (9/24)
 s - a wand of confusion (18/48)
 M - a wand of polymorph (4/24)
 Y - a wand of disintegration (12/24)
Scrolls
 d - 2 scrolls of enchant weapon
 y - 3 scrolls of fog
 D - a scroll of fear
 F - 8 scrolls of teleportation
 H - 4 scrolls of remove curse
 L - a scroll of blinking {unknown}
 S - a scroll of magic mapping
 T - 2 scrolls of immolation
 Z - a scroll of vulnerability
Potions
 a - a potion of might
 l - 7 potions of curing
 n - 3 potions of cancellation
 o - 2 potions of agility
 r - 6 potions of flight
 u - 2 potions of haste
 v - a potion of ambrosia {unknown}
 z - a potion of resistance {unknown}
 K - a potion of cure mutation
 P - 4 potions of heal wounds
Books
 b - a book of Changes

   Spells                             Type                      Level
   a - Beastly Appendage              Transmutation                1
   b - Sticks to Snakes               Transmutation                2
   c - Spider Form                    Transmutation/Poison         3
   d - Ice Form                       Ice/Transmutation            4
   e - Blade Hands                    Transmutation                5
 W - a Fen Folio

   Spells                             Type                      Level
   a - Corpse Rot                     Necromancy                   2
   b - Stone Arrow                    Conjuration/Earth            3
   c - Leda's Liquefaction            Hexes/Earth                  4
   d - Summon Forest                  Summoning/Translocation      5
   e - Hydra Form                     Transmutation                6
   f - Summon Hydra                   Summoning                    7
Comestibles
 i - 4 meat rations
 m - a bread ration
 O - 2 fruits
 Q - 7 royal jellies


   Skills:
 + Level 5.8 Fighting
 - Level 1.0 Short Blades
 * Level 8.0 Slings
 + Level 6.0 Dodging
 + Level 17.3 Stealth
 * Level 7.8 Shields
 * Level 8.0 Invocations
 + Level 7.4 Evocations


You had 11 spell levels left.
You didn't know any spells.

Dungeon Overview and Level Annotations

Branches:
Dungeon (13/15)            Temple (1/1) D:7            Lair (0/6) D:9
    Orc (0/2) D:11
 Vaults: D:13-14

Altars:
Ashenzari
Cheibriados
Dithmenos
Elyvilon
Fedhas
Gozag
Hepliaklqana
Kikubaaqudgha
Makhleb
Nemelex Xobeh
Okawaru
Qazlal
Ru
Sif Muna
Trog
Uskayaw
Vehumet
Xom
Yredelemnul
Zin
The Shining One

Shops:
D:9 !

Annotations:
D:13 Rupert


Innate Abilities, Weirdness & Mutations

You cannot wear most types of armour.
You are very stealthy in the water. (Stealth+)
You are amphibious.
You can wear up to eight rings at the same time.
You can use your tentacles to constrict eight enemies at once.
Your skin changes colour to match your surroundings (Stealth+).
Your rubbery body absorbs attacks. (AC +1, EV +1)
One of your tentacles bears a nasty spike.
You have supernaturally acute eyesight. (SInv)
You are agile. (Dex +2)
You possess an exceptional clarity of mind.
You are dopey. (Int -2)
You are resistant to electric shocks. (rElec)
Your muscles are strong. (Str +2)
Your spells are a little harder to cast, but a little more powerful.


Message History

Rupert is heavily wounded.
This wand has 0 charges left.
You hear a shout! x2
Rupert seems less confused.
Rupert yells loudly at you. You resist with some effort.
You see here 2 tomahawks.
Items here: $ ) [ ÷ a glaive; a plate armour; 6 gold pieces; an orc skeleton You feel agile all of a sudden.
Your wandering mushroom closely misses Rupert.
Rupert roars madly and goes into a rage!
Rupert goes berserk!
An orc comes into view. It is wielding a falchion.
As you read the scroll of teleportation, it crumbles to dust.
You feel strangely unstable.
Rupert hits you with a great mace of protection!!
Ouch! That really hurt!
You die...
Fedhas appreciates your contribution to the ecosystem.

**#..#...#.................,,,*
*#..#*...................,,,***
##.#**#.......o#.....o..,,,,<*
#.## #........#.....###****,*
#..# #......).##....#,,,,,*,,
##<# #......)(#*#...#,,,,,*,, #.#
#....).f(####..#..,,,*,, #.#
#....)@()(.)......,,,*,, #.#
#.....(@.(.#...###****,, #.#
####)..##.#.......,,*,*,
#.######.#.......#...#,,,,,,
#...[...........##.###**..,,
####....(......#...#####..,,
#.....................,..
##............######..... *####*
#..[..÷........## #.#..#
,....#####.........[.....###.#...


You could see Rupert (berserk), an orc and a friendly wandering mushroom.

Vanquished Creatures
  Snorg (D:13)
  A minotaur (Lab)
  The ghost of M4edhros the Covert, a journeyman OpAr of Fedhas (D:11)
  2 two-headed ogres
  The ghost of dricus the Grave Robber, a novice DDNe of Makhleb (D:5)
  An ugly thing (D:12)
  2 deep elf magi (D:13)
  2 cyclopes (D:13)
  Joseph (D:8)
  2 guardian serpents (D:12)
  Maurice (D:8)
  A gargoyle (D:13)
  A kobold demonologist (D:12)
  A centaur skeleton (D:10)
  A minotaur zombie (Lab)
  A hornet (D:12)
  2 trolls
  2 hippogriffs
  Sigmund (D:2)
  A porcupine (D:9)
  6 wraiths
  10 yaks
  A wyvern (D:13)
  A basilisk (D:9)
  4 vampire mosquitoes (D:13)
  A soldier ant (D:12)
  8 orc warriors
  2 ice beasts
  2 black bears
  8 ogres
  3 sky beasts
  5 centaurs
  2 wolves (D:9)
  A crocodile (D:9)
  2 big kobolds
  8 bullfrogs
  3 scorpions
  6 killer bees (D:11)
  12 wights
  4 howler monkeys
  2 wandering mushrooms
  2 centaur zombies
  3 crimson imps
  A bullfrog zombie (D:10)
  5 jellies
  19 orc wizards
  15 orc priests
  5 hounds
  A bullfrog skeleton (D:7)
  6 iguanas
  Ijyb (D:3)
  11 worker ants
  A hound zombie (D:6)
  3 hound skeletons
  A howler monkey skeleton (D:11)
  A howler monkey zombie (D:6)
  13 adders
  5 gnolls
  3 shadow imps
  8 oozes
  An adder skeleton (D:5)
  A worm (D:4)
  5 leopard geckos
  76 orcs
  A ball python (D:3)
  2 bats (D:1)
  6 giant cockroaches
  15 goblins
  7 hobgoblins
  17 jackals
  18 kobolds
  7 quokkas
  2 frilled lizards (D:3)
  A leopard gecko skeleton (D:5)
  A quokka skeleton (D:6)
  6 rats
  A ballistomycete spore (D:13)
388 creatures vanquished.

Vanquished Creatures (collateral kills)
  Josephine (D:13)
  A hydra (D:11)
  A catoblepas (D:11)
  An ugly thing (D:11)
  A porcupine (D:9)
  A centaur skeleton (D:13)
  2 wraiths
  8 yaks
  A hungry ghost (D:9)
  A bullfrog (D:7)
  2 phantoms (D:8)
  An orc warrior (D:13)
  2 black bears (D:9)
  A centaur (D:8)
  A crocodile (D:9)
  A big kobold (D:7)
  A scorpion (D:9)
  4 wights
  A hound (D:6)
  A jelly (D:13)
  2 orc priests
  6 gnolls
  10 orcs
  A jackal (D:7)
  A bat (D:3)
  2 kobolds
  2 ballistomycete spores (D:13)
57 creatures vanquished.

Vanquished Creatures (others)
  A porcupine (D:9)
  A basilisk (D:9)
  An adder (D:6)
  An orc (D:3)
  7 wandering mushrooms
  A plant (D:9)
  326 toadstools
338 creatures vanquished.

Grand Total: 783 creatures vanquished

Notes
Turn   | Place    | Note
-------+----------+-------------------------------------------
     0 | D:1      | M4edhros the Octopode Artificer began the quest for the Orb.
     0 | D:1      | Reached XP level 1. HP: 13/13 MP: 3/3
    22 | D:1      | Reached skill level 2 in Stealth
    40 | D:1      | Reached skill level 3 in Stealth
    40 | D:1      | Reached XP level 2. HP: 16/18 MP: 4/4
   137 | D:2      | Reached skill level 4 in Stealth
   171 | D:2      | Noticed Sigmund
   184 | D:2      | Reached XP level 3. HP: 23/23 MP: 5/5
   232 | D:3      | Reached skill level 5 in Stealth
   232 | D:3      | Reached XP level 4. HP: 13/28 MP: 6/6
   441 | D:3      | Reached skill level 6 in Stealth
   701 | D:4      | Noticed an ogre
   766 | D:4      | Reached XP level 5. HP: 24/33 MP: 7/7
   830 | D:4      | Killed an ogre
   830 | D:4      | Reached skill level 8 in Stealth
   849 | D:4      | Noticed an ogre
   856 | D:4      | Killed an ogre
   856 | D:4      | Reached XP level 6. HP: 33/38 MP: 8/8
   892 | D:4      | Reached skill level 9 in Stealth
   945 | D:4      | Found a sparkling altar of Nemelex Xobeh.
  1293 | D:4      | Reached skill level 10 in Stealth
  1293 | D:4      | Reached XP level 7. HP: 37/43 MP: 9/9
  1623 | D:4      | Found a sparkling altar of Nemelex Xobeh.
  1664 | D:5      | Entered Level 5 of the Dungeon
  2279 | D:5      | Noticed dricus's ghost (novice DDNe)
  2321 | D:4      | Reached skill level 11 in Stealth
  3273 | D:5      | Killed dricus's ghost
  3273 | D:5      | Reached skill level 13 in Stealth
  3273 | D:5      | Reached XP level 8. HP: 19/48 MP: 10/10
  3396 | D:6      | Noticed a wraith
  3515 | D:6      | Reached skill level 14 in Stealth
  3548 | D:6      | HP: 2/48 [something (6)]
  3571 | D:6      | You fall through a shaft!
  3571 | D:7      | Found a staircase to the Ecumenical Temple.
  3575 | Temple   | Entered the Ecumenical Temple
  3977 | Temple   | Became a worshipper of Fedhas Madash
  4135 | D:6      | Killed a wraith
  4135 | D:6      | Reached skill level 15 in Stealth
  4135 | D:6      | Reached XP level 9. HP: 20/53 MP: 11/11
  4356 | D:3      | Reached * piety under Fedhas
  4773 | D:2      | Killed Sigmund
  5126 | D:3      | Reached ** piety under Fedhas
  5834 | D:3      | Noticed Ijyb
  5848 | D:3      | Killed Ijyb
  6029 | D:3      | Reached skill level 1 in Invocations
  6245 | D:6      | Reached skill level 1 in Shields
  6248 | D:6      | Reached *** piety under Fedhas
  7090 | D:6      | Found a deep blue altar of Sif Muna.
  7142 | D:6      | Reached skill level 1 in Slings
  7533 | D:7      | Reached **** piety under Fedhas
  8135 | D:7      | Gained mutation: You are resistant to electric shocks. (rElec) [mutagenic meat]
  8136 | D:7      | Gained mutation: You are dopey. (Int -2) [mutagenic meat]
  8137 | D:7      | Gained mutation: You possess an exceptional clarity of mind. [mutagenic meat]
  8138 | D:7      | Gained mutation: Your muscles are strong. (Str +2) [mutagenic meat]
  8139 | D:7      | Gained mutation: Your spells are a little harder to cast, but a little more powerful. [mutagenic meat]
  8595 | D:7      | Noticed a troll
  8631 | D:7      | Killed a troll
  8631 | D:7      | Reached XP level 10. HP: 31/62 MP: 13/13
  9077 | D:8      | Reached skill level 16 in Stealth
  9284 | D:8      | Noticed Maurice
  9289 | D:8      | Killed Maurice
  9371 | D:8      | Noticed Joseph
  9378 | D:8      | Killed Joseph
  9457 | D:8      | HP: 1/63 [yak (7)]
 10054 | D:8      | Reached skill level 5 in Evocations
 10809 | D:9      | Found a staircase to the Lair.
 10830 | D:9      | Reached skill level 5 in Slings
 11100 | D:9      | Reached XP level 11. HP: 69/69 MP: 15/15
 11125 | D:9      | Found Pumiyqux's Distillery.
 11201 | D:9      | Reached ***** piety under Fedhas
 11790 | D:10     | Entered Level 10 of the Dungeon
 12223 | D:10     | Noticed a two-headed ogre
 12241 | D:10     | Killed a two-headed ogre
 12373 | D:10     | Reached skill level 5 in Shields
 12849 | D:11     | Noticed M4edhros's ghost (journeyman OpAr)
 12850 | D:11     | Noticed a white ugly thing
 12857 | D:11     | Killed a white ugly thing
 12862 | D:11     | Killed M4edhros's ghost
 12862 | D:11     | Reached skill level 5 in Invocations
 12923 | D:11     | Found a staircase to the Orcish Mines.
 13269 | D:11     | Noticed a catoblepas
 13285 | D:11     | Killed a catoblepas
 13287 | D:11     | Noticed a four-headed hydra
 13294 | D:11     | Killed a four-headed hydra
 13685 | D:12     | Reached skill level 5 in Fighting
 13685 | D:12     | Reached skill level 5 in Dodging
 13971 | D:12     | Reached skill level 17 in Stealth
 13971 | D:12     | Reached XP level 12. HP: 77/77 MP: 16/16
 14353 | D:12     | Reached ****** piety under Fedhas
 14507 | D:13     | Noticed Rupert
 14508 | D:13     | Noticed a two-headed ogre
 14547 | D:13     | Noticed Snorg
 14563 | D:13     | Found a labyrinth entrance.
 14573 | Lab      | Entered a labyrinth
 14930 | Lab      | Noticed a minotaur
 14972 | Lab      | Killed a minotaur
 15009 | Lab      | Got a coiled jade amulet
 15010 | Lab      | Identified the amulet "Waeschis" {Harm *Drain rF+ Int+4} (You found it in a labyrinth)
 15022 | Lab      | Got an ichor-stained hand axe
 15023 | Lab      | Identified the +3 hand axe "Ifutiuv" {drain, Int+4} (You found it in a labyrinth)
 15227 | D:13     | Killed Snorg
 15468 | D:13     | Gained mutation: You are agile. (Dex +2) [mutagenic meat]
 15469 | D:13     | Gained mutation: You have supernaturally acute eyesight. (SInv) [mutagenic meat]
 15470 | D:13     | Gained mutation: One of your tentacles bears a spike. [mutagenic meat]
 15471 | D:13     | Gained mutation: One of your tentacles bears a nasty spike. [mutagenic meat]
 15537 | D:13     | Noticed Josephine
 15646 | D:13     | Killed Josephine
 15670 | D:13     | Killed a two-headed ogre
 15675 | D:13     | Slain by Rupert

Vault maps used:
D:1:      dpeg_arrival_rhombus
D:2:      first_bread, uniq_sigmund
D:3:      kennysheep_goblin_castle, minivault_23, st_stairs_11, minmay_bisected
D:4:      nemelex_xobeh_ov_fountains_minmay, nemelex_dance_club_becter
D:5:      lemuel_upstairs_altar, kennysheep_nondescript,
          wad_floor_pattern_untrapped, corexii_leaking_fountain,
          grunt_decor_clamped, dk_rats_in_the_wall
D:6:      lemuel_blue_sif_altar
D:7:      minmay_temple_entry_trees
D:8:      uniq_joseph, uniq_maurice
D:9:      minmay_lair_entry_grove, serial_shops, shop_fountains,
          hangedman_little_slice_of_home, hangedman_abyss_or_decor_stabs
D:11:     orc_0_dummy
D:12:     nrook_guardian_serpent_snake_passage
D:13:     grunt_vaults_entry_tiered, special_room, lab_entry_generic,
          minivault_12, uniq_snorg, uniq_josephine, uniq_rupert
Temple:   regret_index_temple_chain_breaker
Lab:      labyrinth_hidden_loot, labyrinth_skeletal_remains, lab_block

Skill      XL: |  1  2  3  4  5  6  7  8  9 10 11 12 |
---------------+-------------------------------------+-----
Stealth        | 3 4 5 6 8 10 13 15 16 17 | 17.3
Invocations    | 2 4 6 8 |  8.0
Shields        | 2 4 6 7 |  7.8
Slings         | 2 5 6 8 |  8.0
Fighting       | 2 4 5 |  5.8
Evocations     | 4 5 6 7 |  7.4
Dodging        | 4 5 6 |  6.0
Short Blades   | |  1.0

Action                   |  1- 3 |  4- 6 |  7- 9 | 10-12 || total
-------------------------+-------+-------+-------+-------++-------
Melee: Short sword       |    34 |       |   263 |   307 ||   604
       Constrict         |     9 |    17 |    89 |    87 ||   202
       Tentacles         |     6 |    12 |    77 |   116 ||   211
       Dagger            |       |    60 |    70 |   150 ||   280
       Kick              |       |       |       |    27 ||    27
 Fire: Blowgun           |       |       |     6 |     9 ||    15
       Hunting sling     |       |       |     1 |     8 ||     9
Invok: Fungal Bloom      |       |       |    44 |    70 ||   114
       Evolution         |       |       |     2 |     8 ||    10
       Reproduction      |       |       |       |     2 ||     2
       Sunlight          |       |       |       |     1 ||     1
Evoke: Wand              |     4 |    10 |    29 |    52 ||    95
  Use: Scroll            |       |     3 |    10 |    18 ||    31
       Potion            |       |     1 |     1 |     3 ||     5
 Stab: Sleeping          |     2 |       |    36 |    63 ||   101
       Distracted        |       |     1 |     3 |     1 ||     5
       Paralysed         |       |       |     4 |       ||     4
       Petrified         |       |       |       |     2 ||     2
       Confused          |       |       |       |    18 ||    18
  Eat: Chunk             |       |     1 |    13 |     4 ||    18
       Bread ration      |       |       |     2 |     2 ||     4
       Royal jelly       |       |       |     2 |     6 ||     8
       Meat ration       |       |       |     1 |       ||     1
Armor: Skin              |     5 |     5 |    19 |     8 ||    37
Dodge: Dodged            |    28 |    35 |   169 |   118 ||   350
Block: Shield            |       |       |   115 |    20 ||   135
       Large shield      |       |       |       |   248 ||   248
